[ AOE2 MATCH · #481562198 ]
Team RMJapanese vs Burgundians
[ REPLAY ANALYSIS · EXTRACTED FROM THE RECORDED GAME ]
Feudal
—
Castle
—
Imperial
—
| APM avg | 10.5 |
| APM peak | 26 |
| eAPM avg | 8.5 |
| Villagers / military | 77 / 23 |
Focus
⚔️ 19.5% · 🌾 80.5%
Spearman ×14 · Samurai ×9
Feudal
12:43
Castle
25:46
Imperial
—
| APM avg | 14.4 |
| APM peak | 48 |
| eAPM avg | 10.9 |
| Villagers / military | 55 / 17 |
Focus
⚔️ 23.3% · 🌾 76.7%
Skirmisher ×9 · Scout Cavalry ×4 · Knight ×2 · Spearman ×2
Feudal
—
Castle
—
Imperial
—
| APM avg | 7.7 |
| APM peak | 13 |
| eAPM avg | 6.5 |
| Villagers / military | 83 / 0 |
Focus
⚔️ 8.2% · 🌾 91.8%
Feudal
—
Castle
—
Imperial
—
| APM avg | 0.5 |
| APM peak | 15 |
| eAPM avg | 0.3 |
| Villagers / military | 5 / 0 |
Focus
⚔️ 0.0% · 🌾 100.0%
Match map
Resources at game start + every placement click. Thick line = wall · dashed box = detected house wall. 🟡 gold · ⚪ stone · 🟢 berries · 🔶 boar · ⭕ relic
Inputs per minute
— frizboum - - pietroo
Build order — frizboum
First 150 of 174 actions detected
| 0:02 | Create | Villager (Male) |
| 0:10 | Build | House |
| 0:12 | Build | House |
| 0:17 | Research | Loom |
| 0:34 | Create | Villager (Male) |
| 0:34 | Create | Villager (Male) |
| 0:34 | Create | Villager (Male) |
| 0:35 | Create | Villager (Male) |
| 0:56 | Build | Palisade Wall |
| 1:04 | Build | Building 800 |
| 1:14 | Build | Building 800 |
| 2:15 | Build | House |
| 2:18 | Build | House |
| 2:20 | Create | Villager (Male) |
| 2:21 | Create | Villager (Male) |
| 2:56 | Create | Villager (Male) |
| 3:30 | Create | Villager (Male) |
| 3:31 | Create | Villager (Male) |
| 3:57 | Create | Villager (Male) |
| 4:18 | Create | Villager (Male) |
| 4:19 | Create | Villager (Male) |
| 4:53 | Create | Villager (Male) |
| 4:53 | Create | Villager (Male) |
| 5:05 | Build | Lumber Camp |
| 5:28 | Create | Villager (Male) |
| 5:28 | Create | Villager (Male) |
| 5:48 | Build | Mill |
| 5:53 | Create | Villager (Male) |
| 5:53 | Create | Villager (Male) |
| 6:24 | Create | Villager (Male) |
| 6:24 | Create | Villager (Male) |
| 6:43 | Create | Villager (Male) |
| 7:03 | Create | Villager (Male) |
| 7:03 | Create | Villager (Male) |
| 7:28 | Build | Mill |
| 7:42 | Create | Villager (Male) |
| 7:43 | Create | Villager (Male) |
| 8:25 | Create | Villager (Male) |
| 8:26 | Create | Villager (Male) |
| 8:26 | Create | Villager (Male) |
| 8:44 | Build | Mining Camp |
| 8:55 | Create | Villager (Male) |
| 8:56 | Create | Villager (Male) |
| 9:20 | Create | Villager (Male) |
| 9:29 | Build | House |
| 9:30 | Build | House |
| 9:55 | Build | Mill |
| 10:13 | Create | Villager (Male) |
| 10:28 | Build | Mining Camp |
| 10:37 | Research | Feudal Age |
| 11:08 | Create | Villager (Male) |
| 11:31 | Create | Villager (Male) |
| 11:44 | Build | House |
| 11:46 | Build | House |
| 12:40 | Build | Barracks |
| 13:15 | Research | Double-Bit Axe |
| 13:37 | Build | Watch Tower |
| 13:53 | Create | Villager (Male) |
| 13:53 | Create | Villager (Male) |
| 13:54 | Create | Villager (Male) |
| 15:07 | Build | Blacksmith |
| 15:14 | Build | Farm |
| 15:32 | Build | Farm |
| 16:01 | Create | Villager (Male) |
| 16:01 | Create | Villager (Male) |
| 16:43 | Create | Villager (Male) |
| 16:56 | Create | Villager (Male) |
| 16:56 | Create | Villager (Male) |
| 17:30 | Build | Watch Tower |
| 17:40 | Create | Villager (Male) |
| 17:51 | Create | Villager (Male) |
| 17:52 | Create | Villager (Male) |
| 18:19 | Create | Villager (Male) |
| 18:31 | Build | Farm |
| 18:35 | Research | Horse Collar |
| 18:38 | Create | Villager (Male) |
| 19:07 | Create | Spearman |
| 19:07 | Create | Spearman |
| 19:07 | Create | Spearman |
| 19:08 | Create | Spearman |
| 19:32 | Build | Stone Wall |
| 19:38 | Build | Building 665 |
| 19:44 | Create | Villager (Male) |
| 19:44 | Create | Villager (Male) |
| 19:45 | Create | Villager (Male) |
| 19:51 | Build | House |
| 19:52 | Build | House |
| 19:54 | Build | House |
| 19:55 | Build | House |
| 19:58 | Create | Villager (Male) |
| 19:58 | Create | Villager (Male) |
| 20:12 | Research | Fletching |
| 20:18 | Create | Spearman |
| 20:18 | Create | Spearman |
| 20:28 | Create | Villager (Male) |
| 20:34 | Build | Farm |
| 21:26 | Build | Farm |
| 21:28 | Build | Farm |
| 21:29 | Build | Farm |
| 21:31 | Build | Farm |
| 21:37 | Create | Villager (Male) |
| 21:40 | Create | Villager (Male) |
| 22:13 | Research | Forging |
| 22:13 | Research | Scale Mail Armor |
| 22:20 | Research | Arson |
| 22:21 | Create | Spearman |
| 22:22 | Create | Spearman |
| 22:22 | Create | Spearman |
| 22:24 | Create | Villager (Male) |
| 23:08 | Create | Villager (Male) |
| 23:08 | Create | Villager (Male) |
| 23:09 | Create | Villager (Male) |
| 23:09 | Create | Villager (Male) |
| 23:39 | Create | Villager (Male) |
| 23:39 | Create | Villager (Male) |
| 23:44 | Build | Farm |
| 23:46 | Build | Farm |
| 23:47 | Build | Farm |
| 23:50 | Build | Farm |
| 23:51 | Build | Farm |
| 23:53 | Build | Farm |
| 23:55 | Build | Farm |
| 24:00 | Build | Farm |
| 24:19 | Build | Farm |
| 24:22 | Create | Villager (Male) |
| 24:31 | Build | Farm |
| 24:43 | Build | House |
| 24:44 | Build | House |
| 24:53 | Create | Villager (Male) |
| 24:59 | Build | Farm |
| 25:47 | Build | Mining Camp |
| 25:51 | Create | Villager (Male) |
| 25:51 | Create | Villager (Male) |
| 26:02 | Build | Mining Camp |
| 26:12 | Build | Mining Camp |
| 26:37 | Build | Market |
| 26:41 | Create | Villager (Male) |
| 26:41 | Create | Villager (Male) |
| 26:51 | Create | Villager (Male) |
| 26:55 | Research | Wheelbarrow |
| 26:59 | Create | Villager (Male) |
| 27:00 | Create | Villager (Male) |
| 27:00 | Create | Villager (Male) |
| 28:00 | Research | Gold Mining |
| 28:19 | Research | Castle Age |
| 28:28 | Build | Barracks |
| 28:59 | Create | Spearman |
| 28:59 | Create | Spearman |
| 28:59 | Create | Spearman |
| 29:02 | Create | Spearman |
Build order — pietroo
146 actions detected in the replay
| 0:04 | Build | House |
| 0:06 | Build | House |
| 0:07 | Create | Villager (Male) |
| 0:07 | Create | Villager (Male) |
| 0:30 | Create | Villager (Male) |
| 0:48 | Create | Villager (Male) |
| 1:26 | Create | Villager (Male) |
| 1:36 | Create | Villager (Male) |
| 1:47 | Create | Villager (Male) |
| 2:21 | Build | Lumber Camp |
| 2:29 | Create | Villager (Male) |
| 2:54 | Build | Palisade Wall |
| 3:00 | Create | Villager (Male) |
| 3:12 | Create | Villager (Male) |
| 3:23 | Create | Villager (Male) |
| 3:52 | Create | Villager (Male) |
| 3:58 | Build | House |
| 4:43 | Create | Villager (Male) |
| 4:51 | Create | Villager (Male) |
| 5:00 | Build | Mill |
| 5:38 | Create | Villager (Male) |
| 6:11 | Create | Villager (Male) |
| 6:43 | Create | Villager (Male) |
| 7:03 | Build | House |
| 7:12 | Build | House |
| 7:15 | Build | House |
| 7:19 | Create | Villager (Male) |
| 7:21 | Research | Loom |
| 7:22 | Create | Villager (Male) |
| 7:31 | Create | Villager (Male) |
| 7:49 | Build | Mill |
| 8:45 | Build | Barracks |
| 8:49 | Create | Villager (Male) |
| 9:30 | Create | Villager (Male) |
| 9:51 | Build | Palisade Wall |
| 10:33 | Research | Feudal Age |
| 11:39 | Create | Villager (Male) |
| 11:41 | Create | Villager (Male) |
| 12:43 | Age | Feudal Age |
| 12:50 | Build | Palisade Wall |
| 13:10 | Build | Watch Tower |
| 13:20 | Build | Mining Camp |
| 13:28 | Build | Stable |
| 13:29 | Create | Villager (Male) |
| 13:30 | Create | Villager (Male) |
| 13:33 | Research | Double-Bit Axe |
| 14:07 | Research | Horse Collar |
| 14:28 | Build | Palisade Wall |
| 14:31 | Build | Palisade Wall |
| 15:22 | Create | Villager (Male) |
| 15:23 | Create | Villager (Male) |
| 16:07 | Create | Villager (Male) |
| 16:07 | Create | Villager (Male) |
| 16:11 | Research | Bloodlines |
| 16:12 | Create | Scout Cavalry |
| 16:41 | Build | Farm |
| 16:46 | Build | Farm |
| 16:48 | Build | Farm |
| 16:49 | Build | Farm |
| 16:52 | Build | Farm |
| 17:06 | Build | Palisade Wall |
| 17:14 | Build | Building 796 |
| 17:16 | Create | Scout Cavalry |
| 17:32 | Build | Palisade Wall |
| 17:34 | Build | Building 800 |
| 17:58 | Create | Villager (Male) |
| 17:58 | Create | Villager (Male) |
| 18:08 | Build | Farm |
| 18:15 | Build | Palisade Wall |
| 18:27 | Build | Farm |
| 18:28 | Create | Villager (Male) |
| 18:32 | Create | Scout Cavalry |
| 18:47 | Build | Farm |
| 19:01 | Build | Farm |
| 19:09 | Build | Farm |
| 19:10 | Build | Farm |
| 19:12 | Create | Villager (Male) |
| 19:25 | Create | Villager (Male) |
| 19:36 | Build | Farm |
| 19:38 | Build | Farm |
| 19:48 | Build | House |
| 19:49 | Build | House |
| 19:51 | Build | House |
| 19:53 | Build | House |
| 19:55 | Build | House |
| 20:00 | Create | Villager (Male) |
| 20:08 | Research | Wheelbarrow |
| 20:30 | Research | Town Watch |
| 20:33 | Create | Villager (Male) |
| 20:50 | Build | Farm |
| 20:50 | Build | Farm |
| 20:51 | Build | Farm |
| 20:51 | Build | Farm |
| 20:51 | Build | Farm |
| 20:52 | Build | Farm |
| 21:00 | Create | Villager (Male) |
| 21:58 | Build | Blacksmith |
| 22:07 | Build | Market |
| 22:11 | Create | Villager (Male) |
| 22:59 | Build | Watch Tower |
| 23:06 | Research | Castle Age |
| 23:20 | Build | Mining Camp |
| 23:24 | Create | Villager (Male) |
| 23:29 | Research | Fletching |
| 24:18 | Research | Stone Mining |
| 24:46 | Create | Villager (Male) |
| 24:47 | Create | Villager (Male) |
| 24:51 | Research | Wheelbarrow |
| 25:18 | Build | Archery Range |
| 25:22 | Create | Villager (Male) |
| 25:31 | Research | Forging |
| 25:33 | Create | Scout Cavalry |
| 25:46 | Create | Villager (Male) |
| 25:46 | Age | Castle Age |
| 25:58 | Research | Bodkin Arrow |
| 26:13 | Research | Bow Saw |
| 26:26 | Create | Skirmisher |
| 26:26 | Create | Skirmisher |
| 26:33 | Create | Skirmisher |
| 27:16 | Create | Villager (Male) |
| 27:18 | Create | Skirmisher |
| 28:01 | Build | Town Center |
| 28:10 | Create | Villager (Male) |
| 28:43 | Create | Villager (Male) |
| 28:43 | Create | Villager (Male) |
| 29:03 | Research | Pikeman (upgrade) |
| 29:12 | Research | Elite Skirmisher (upgrade) |
| 29:45 | Create | Villager (Male) |
| 29:45 | Create | Villager (Male) |
| 29:51 | Build | Farm |
| 29:57 | Create | Villager (Male) |
| 29:59 | Create | Villager (Male) |
| 30:07 | Research | Scale Barding Armor |
| 30:17 | Research | Husbandry |
| 30:25 | Create | Villager (Male) |
| 30:27 | Create | Villager (Male) |
| 30:32 | Create | Knight |
| 30:32 | Create | Knight |
| 30:34 | Create | Skirmisher |
| 30:35 | Create | Skirmisher |
| 30:44 | Create | Spearman |
| 30:45 | Create | Spearman |
| 30:49 | Create | Villager (Male) |
| 31:44 | Create | Skirmisher |
| 31:45 | Create | Skirmisher |
| 31:45 | Create | Skirmisher |
Build order — Bubson4616
128 actions detected in the replay
| 0:14 | Build | House |
| 0:18 | Create | Villager (Male) |
| 0:18 | Research | Loom |
| 0:40 | Build | Palisade Wall |
| 1:06 | Build | House |
| 1:07 | Build | House |
| 1:17 | Create | Villager (Male) ×3 |
| 1:33 | Build | Palisade Wall |
| 2:19 | Build | Palisade Wall |
| 2:58 | Create | Villager (Male) |
| 3:09 | Build | Palisade Wall |
| 3:40 | Create | Villager (Male) |
| 4:30 | Create | Villager (Male) |
| 4:50 | Create | Villager (Male) |
| 5:14 | Create | Villager (Male) |
| 5:42 | Create | Villager (Male) |
| 5:51 | Build | Lumber Camp |
| 6:11 | Create | Villager (Male) ×2 |
| 7:02 | Create | Villager (Male) |
| 7:03 | Create | Villager (Male) |
| 7:33 | Build | Mining Camp |
| 7:52 | Build | Mill |
| 8:20 | Create | Villager (Male) |
| 8:21 | Create | Villager (Male) |
| 10:44 | Research | Feudal Age |
| 11:03 | Build | House |
| 11:07 | Build | House |
| 11:09 | Build | House |
| 11:14 | Build | House |
| 11:17 | Build | House |
| 11:20 | Build | House |
| 11:22 | Build | House |
| 11:26 | Build | Barracks |
| 12:58 | Create | Villager (Male) |
| 13:22 | Build | Town Center |
| 13:52 | Create | Villager (Male) |
| 13:56 | Create | Villager (Male) |
| 14:26 | Create | Villager (Male) |
| 15:24 | Create | Villager (Male) |
| 15:32 | Create | Villager (Male) |
| 15:50 | Research | Horse Collar |
| 16:07 | Create | Villager (Male) |
| 16:07 | Create | Villager (Male) |
| 16:16 | Build | Stable |
| 16:52 | Research | Wheelbarrow |
| 17:11 | Create | Villager (Male) |
| 17:22 | Build | Blacksmith |
| 17:41 | Build | Farm |
| 17:42 | Build | Farm |
| 17:44 | Build | Farm |
| 17:48 | Build | Farm |
| 17:49 | Build | Farm |
| 17:54 | Build | Farm |
| 18:01 | Create | Villager (Male) |
| 18:01 | Create | Villager (Male) |
| 18:20 | Create | Villager (Male) |
| 18:20 | Create | Villager (Male) |
| 18:47 | Create | Villager (Male) |
| 18:47 | Create | Villager (Male) |
| 19:07 | Build | Farm |
| 19:20 | Research | Double-Bit Axe |
| 19:32 | Build | Farm |
| 19:39 | Create | Villager (Male) |
| 19:40 | Create | Villager (Male) |
| 19:41 | Create | Villager (Male) |
| 19:41 | Create | Villager (Male) |
| 19:48 | Build | Farm |
| 19:51 | Build | Farm |
| 20:03 | Build | Farm |
| 20:14 | Build | Farm |
| 20:16 | Build | Farm |
| 20:20 | Build | Farm |
| 20:23 | Build | Farm |
| 20:38 | Build | Farm |
| 20:59 | Build | Farm |
| 21:05 | Create | Villager (Male) |
| 21:05 | Create | Villager (Male) |
| 21:22 | Build | Farm |
| 21:26 | Build | Farm |
| 21:56 | Build | Mining Camp |
| 22:17 | Research | Castle Age |
| 22:23 | Create | Villager (Male) |
| 22:40 | Build | Farm |
| 22:45 | Build | Farm |
| 22:53 | Build | Farm |
| 23:04 | Research | Stone Mining |
| 23:05 | Research | Gold Mining |
| 23:24 | Create | Villager (Male) |
| 23:25 | Create | Villager (Male) |
| 23:32 | Research | Forging |
| 23:39 | Research | Fletching |
| 24:14 | Build | Building 800 |
| 24:23 | Create | Villager (Male) |
| 24:30 | Research | Scale Barding Armor |
| 24:33 | Research | Padded Archer Armor |
| 25:02 | Build | Town Center |
| 25:07 | Research | Hand Cart |
| 25:21 | Research | Heavy Plow |
| 25:56 | Build | House |
| 25:59 | Create | Villager (Male) |
| 25:59 | Create | Villager (Male) |
| 26:25 | Build | Town Center |
| 26:59 | Create | Villager (Male) ×5 |
| 27:24 | Build | Town Center |
| 27:27 | Create | Villager (Male) ×5 |
| 27:39 | Create | Villager (Male) ×5 |
| 28:19 | Create | Villager (Male) ×5 |
| 28:56 | Build | Farm |
| 28:59 | Build | Farm |
| 29:01 | Build | Farm |
| 29:05 | Build | Farm |
| 29:06 | Build | Farm |
| 29:08 | Build | Farm |
| 29:17 | Create | Villager (Male) ×5 |
| 29:38 | Build | Castle |
| 29:53 | Build | Farm |
| 29:58 | Build | Farm |
| 30:17 | Research | Bow Saw |
| 30:22 | Create | Villager (Male) ×5 |
| 30:23 | Create | Villager (Male) ×5 |
| 30:57 | Build | House |
| 31:11 | Create | Villager (Male) ×5 |
| 31:20 | Research | Scale Mail Armor |
| 31:22 | Research | Leather Archer Armor |
| 31:36 | Build | Town Center |
| 31:56 | Build | Farm |
| 31:57 | Build | Farm |
| 31:59 | Build | Farm |
Build order — 45001072
6 actions detected in the replay
| 0:16 | Create | Villager (Male) |
| 0:16 | Create | Villager (Male) |
| 0:17 | Create | Villager (Male) |
| 0:17 | Create | Villager (Male) |
| 0:17 | Create | Villager (Male) |
| 0:18 | Research | Loom |
Match timeline
| 0:37 | 45001072 · resign |
| 0:40 | Bubson4616 · wall_segment Palisade Wall x7 |
| 0:56 | frizboum · wall_segment Palisade Wall x6 |
| 1:33 | Bubson4616 · wall_segment Palisade Wall x10 |
| 2:19 | Bubson4616 · wall_segment Palisade Wall x7 |
| 2:54 | pietroo · wall_segment Palisade Wall x19 |
| 3:09 | Bubson4616 · wall_segment Palisade Wall x13 |
| 8:45 | pietroo · first_building Barracks |
| 9:51 | pietroo · wall_segment Palisade Wall x14 |
| 11:26 | Bubson4616 · first_building Barracks |
| 12:40 | frizboum · first_building Barracks |
| 12:43 | pietroo · age_up feudal |
| 12:50 | pietroo · wall_segment Palisade Wall x16 |
| 13:28 | pietroo · first_building Stable |
| 14:28 | pietroo · wall_segment Palisade Wall x6 |
| 14:31 | pietroo · wall_segment Palisade Wall x2 |
| 16:16 | Bubson4616 · first_building Stable |
| 17:06 | pietroo · wall_segment Palisade Wall x7 |
| 17:32 | pietroo · wall_segment Palisade Wall x7 |
| 18:15 | pietroo · wall_segment Palisade Wall x4 |
| 19:32 | frizboum · wall_segment Stone Wall x9 |
| 22:53 | pietroo · first_market_buy 100 stone |
| 25:18 | pietroo · first_building Archery Range |
| 25:46 | pietroo · age_up castle |
| 29:38 | Bubson4616 · first_building Castle |
| 31:18 | frizboum · first_building Castle |
[ AI ANALYSIS · 1 CREDIT ]
What really happened in this match?
Wolo.gg analyzes every decision: build order, eco, micro, common mistakes by bracket. Personalized analysis on WhatsApp or Discord in 30 seconds.
Civ guide
Japanese
Map guide
Black Forest
Perfil
Jugador #760708